 Dungeon Crawl Stone Soup version 0.25-a0-734-g73332aeda9 (webtiles) character file.

Game seed: 8132973727933640390, levelgen mode: deterministic

171 Maedhros the Charlatan (level 5, -3/33 HPs)
             Began as an Octopode Artificer on Apr 10, 2020.
             Was a Follower of Cheibriados.
             Killed from afar by an orc wizard (8 damage)
             ... with a magic dart
             ... on level 4 of the Dungeon.
             The game lasted 00:04:48 (2248 turns).

Maedhros the Charlatan (Octopode Artificer)         Turns: 2248, Time: 00:04:49

Health: -3/33      AC:  1    Str: 13    XL:     5   Next: 51%
Magic:  8/8        EV: 13    Int: 16    God:    Cheibriados [*.....]
Gold:   84         SH:  0    Dex: 15    Spells: 4/4 levels left

rFire    . . .     SeeInvis .   t - +0 rapier
rCold    . . .     Gourm    .   (no shield)
rNeg     . . .     Faith    .   (helmet restricted)
rPois    .         Spirit   .   (no amulet)
rElec    .         Reflect  .   i - ring of stealth
rCorr    .         Harm     .   (no ring)
MR       .....                  (no ring)
Stlth    +++++.....             (no ring)
HPRegen  0.11/turn              (no ring)
MPRegen  0.11/turn              (no ring)
                                (no ring)
                                (no ring)

@: drained, very slow
A: almost no armour, stealthy swim, amphibious, 8 rings, constrict 8, camouflage
1, gelatinous body 1
a: Bend Time, Renounce Religion


You were on level 4 of the Dungeon.
You worshipped Cheibriados.
Cheibriados was aware of your devotion.
You were not hungry.

You visited 1 branch of the dungeon, and saw 4 of its levels.

You collected 84 gold pieces.

Inventory:

Hand Weapons
 a - a +0 short sword
 t - a +0 rapier (weapon)
Missiles
 h - 16 poisoned darts (quivered)
 s - 23 sling bullets
Jewellery
 i - a ring of stealth (left tentacle)
Wands
 b - a wand of flame (7)
 c - a wand of enslavement (13)
Scrolls
 j - a scroll of amnesia {unknown}
 m - a scroll of teleportation {unknown}
 n - 6 scrolls of remove curse
 p - a scroll of enchant armour
 q - a scroll of fear
 r - a scroll of immolation {unknown}
Potions
 d - 2 potions of haste {unknown}
 e - a potion of brilliance {unknown}
 g - a potion of mutation {unknown}
 k - 2 potions of flight {unknown}
 o - 3 potions of curing {unknown}
Comestibles
 f - 4 rations
 u - a chunk of flesh


   Skills:
 - Level 1.0(0.3) Fighting
 - Level 1.0(0.3) Short Blades
 - Level 2.0(1.3) Dodging
 + Level 4.6(3.9) Stealth
 * Level 2.2(1.6) Unarmed Combat
 + Level 4.8(4.1) Evocations


You had 4 spell levels left.
You didn't know any spells.
Your spell library was empty.

Dungeon Overview and Level Annotations

Branches:
Dungeon (4/15)
 Temple: D:4-7

Altars:
Cheibriados
Fedhas
Kikubaaqudgha
Xom

Annotations:
D:4 Pikel


Innate Abilities, Weirdness & Mutations

You cannot wear most types of armour.
You are very stealthy in the water. (Stealth+)
You are amphibious.
You can wear up to eight rings at the same time.
You can use your tentacles to constrict eight enemies at once.
Your skin changes colour to match your surroundings (Stealth+).
Your rubbery body absorbs attacks. (AC +1, EV +1)


Message History

Deactivating autopickup; reactivate with Ctrl-A.
Evoke which item? (* to show all) (? for menu, Esc to quit)
Aiming: Throw Flame
Press: ? - help, Shift-Dir - straight line, f/p - ogre
Aim: an ogre, wielding a +0 giant club (severely wounded)
The puff of flame misses the ogre.
The puff of flame hits the orc wizard.
The orc wizard is moderately wounded.
The ogre hits you with a +0 giant club!
* * * LOW HITPOINT WARNING * * *
Evoke which item? (* to show all) (? for menu, Esc to quit)
Aiming: Throw Flame
Press: ? - help, Shift-Dir - straight line, f/p - ogre
Aim: an ogre, wielding a +0 giant club (severely wounded)
The puff of flame hits the ogre!
You kill the ogre!
Cheibriados appreciates the change of pace.
Your base Unarmed Combat skill increases to level 2!
A magic dart appears from out of thin air!
The magic dart hits you!
You die...

#.......#... #...........
#....^.#.... ####.......#
#..........#..
#............?.
#.....(........
###########'#####...#...
..........@.........# ..
######........)..........
.
.............o...........#
######..........{.....##.#
## ######.######....o....#
.. .. #<.....# #.......).#
.. ######## #.........# ..
#.......... .. #........
..


You could see an orc wizard and an orc.

Vanquished Creatures
  A slave (D:3)
  An ogre (D:4)
  An ooze (D:2)
  2 worms (D:2)
  2 dart slugs (D:1)
  A leopard gecko (D:2)
  3 giant cockroaches (D:1)
  10 hobgoblins
  3 kobolds
  3 quokkas
  4 bats
  2 frilled lizards
  5 goblins
  A leopard gecko skeleton (D:2)
  2 quokka skeletons (D:2)
  A quokka zombie (D:2)
  13 rats
55 creatures vanquished.

Vanquished Creatures (collateral kills)
  A phantom (D:4)
  An orc (D:4)
2 creatures vanquished.

Grand Total: 57 creatures vanquished

Notes
Turn   | Place    | Note
-------+----------+-------------------------------------------
     0 | D:1      | Maedhros the Octopode Artificer began the quest for the
                  | Orb.
     0 | D:1      | Reached XP level 1. HP: 13/13 MP: 3/3
   123 | D:1      | Reached XP level 2. HP: 9/18 MP: 4/4
   779 | D:1      | Reached XP level 3. HP: 19/23 MP: 5/5
  1240 | D:2      | Found a shimmering altar of Xom.
  1247 | D:2      | Became a worshipper of Xom of Chaos
  1604 | D:3      | Found a shimmering altar of Xom.
  1612 | D:3      | Found a snail-covered altar of Cheibriados.
  1629 | D:3      | Fell from the grace of Xom
  1629 | D:3      | Became a worshipper of Cheibriados the Contemplative
  1747 | D:2      | Found an ancient bone altar of Kikubaaqudgha.
  1748 | D:2      | Found a blossoming altar of Fedhas.
  1823 | D:2      | Reached XP level 4. HP: 21/28 MP: 7/7
  1981 | D:2      | Reached * piety under Cheibriados
  2047 | D:4      | Noticed Pikel
  2047 | D:4      | Noticed a slave
  2047 | D:4      | Noticed a slave
  2047 | D:4      | Noticed a slave
  2047 | D:4      | Noticed a slave
  2053 | D:3      | Killed a slave
  2119 | D:3      | XOM: mild Chrm miscast
  2207 | D:4      | Noticed an ogre
  2210 | D:4      | Noticed a phantom
  2217 | D:4      | Killed a phantom
  2217 | D:4      | Reached skill level 1 in Unarmed Combat
  2234 | D:4      | Reached XP level 5. HP: 20/33 MP: 8/8
  2234 | D:4      | XOM: draining
  2248 | D:4      | Killed an ogre
  2248 | D:4      | Killed from afar by an orc wizard

Levels and vault maps discovered:
D:1:      dpeg_arrival_pond, layout_loops_cross
D:2:      layout_basic, grunt_temple_overflow_growth_and_decay,
          overflow_temple_1_default, first_ration, serial_undead,
          serial_undead_a, serial_undead_d, serial_undead_d, serial_undead_a,
          serial_undead_d, serial_undead_a, serial_undead_b
D:3:      layout_basic, cheibriados_altar_1, xom_teletrap_fun
D:4:      layout_basic, led_sif_book, nicolae_qazlal_general_emergency,
          minmay_temple_entry_statues_fountains, st_stairs_5, uniq_pikel

Skill      XL: |  1  2  3  4  5 |
---------------+----------------+-----
Stealth        | 2 3 4 |  4.6
Evocations     | 4 |  4.8
Unarmed Combat | 1 2 |  2.2
Fighting       | |  1.0
Short Blades   | |  1.0
Dodging        | |  2.0

Action                   |  1- 3 |  4- 6 || total
-------------------------+-------+-------++-------
Melee: Short sword       |    98 |    18 ||   116
       Constrict         |    27 |     6 ||    33
       Tentacles         |    14 |     1 ||    15
       Rapier            |       |     3 ||     3
Evoke: Wand              |       |    10 ||    10
  Use: Scroll            |       |     4 ||     4
 Stab: Sleeping          |     4 |     7 ||    11
  Eat: Chunk             |     1 |       ||     1
       Ration            |       |     1 ||     1
Armor: Skin              |     7 |     1 ||     8
Dodge: Dodged            |    47 |    10 ||    57

Table legend:
 A = Non-vault XP
 B = Vault XP
 C = Vault XP percentage of total XP
 D = Non-vault monster count
 E = Vault monster count
 F = Vault count percentage of total count
                 A         B        C        D         E       F
            +---------+---------+-------+---------+---------+-------
      Total |      98 |     147 |  60.0 |      50 |       6 |  10.7
            +---------+---------+-------+---------+---------+-------
        D:1 |      40 |       0 |   0.0 |      23 |       0 |   0.0
        D:2 |      37 |       4 |   9.8 |      14 |       4 |  22.2
        D:3 |      19 |       0 |   0.0 |      12 |       0 |   0.0
        D:4 |       2 |     143 |  98.6 |       1 |       2 |  66.7
            +---------+---------+-------+---------+---------+-------
